cohdb
Replays
Latest Replays
All Replays
Popular Replays
Top Player Replays
Match Explorer
How It Works
Community
CoH3 Stats
Reddit
Sign in to upload your games and track your stats! →
Sign in with Steam
Match 39082384
Unlisted
Match 39082384
Overview
Messages
Build Orders
End
Pioneer Squad
Construct Infanterie Kompanie
MG 42 Machine Gun Team
MG 42 Machine Gun Team
MG 42 Machine Gun Team
Construct Panzergrenadier Kompanie
Panzergrenadier Squad
Selects Mechanized Battlegroup
Selects Raid Package
251 Medium Carrier
Pak 40 Anti-tank Gun Team
Pak 40 Anti-tank Gun Team
Support Elements
Medical Station
Nebelwerfer 42 Rocket Launcher Team
Selects StuG Assault Group
StuG Assault Group
Pioneer Squad
Nebelwerfer 42 Rocket Launcher Team
StuG Assault Group
Jar
Faltun
sweet baby
1XStyleDE
SneaKerz
gb_gbg
0
0
Comments
sign in to comment!
No comments posted yet!